[Event "ICC tourney 2545 (5 3)"]
[Site "Internet Chess Club"]
[Date "2021.04.11"]
[Round "1"]
[White "jab"]
[Black "devimuru"]
[Result "1-0"]
[ICCResult "Black checkmated"]
[WhiteElo "1432"]
[BlackElo "1059"]
[Opening "Ponziani: Jaenisch counter-attack"]
[ECO "C44"]
[NIC "KP.05"]
[Time "14:05:25"]
[TimeControl "300+3"]

1. e4 e5 2. Nf3 Nc6 3. c3 Nf6 4. Bb5 a6 5. Ba4 b5 6. Bc2 d6 7. d4 exd4 8.
cxd4 Nb4 9. O-O Be7 10. Re1 d5 11. e5 Nd7 12. a3 Nc6 13. Nc3 O-O 14. Nxd5 f6
15. Bb3 Rf7 16. e6 Rf8 17. exd7 Bxd7 18. Nxe7+ Kh8 19. Nxc6 Bxc6 20. d5 Bxd5
21. Qxd5 Qxd5 22. Bxd5 Rae8 23. Rxe8 Rxe8 24. h3 f5 25. Bf4 g5 26. Nxg5 Re1+
27. Rxe1 Kg7 28. Re7+ Kf6 29. Rxc7 Kg6 30. Rc6+ Kg7 31. Rxa6 Kf8 32. Ra7 Ke8
33. Bc6+ Kd8 34. Bxb5 Kc8 35. Rxh7 Kd8 36. a4 Kc8 37. Bf1 Kd8 38. a5 Kc8 39.
a6 Kd8 40. a7 Kc8 41. a8=Q# {Black checkmated} 1-0

[Event "ICC tourney 2545 (5 3)"]
[Site "Internet Chess Club"]
[Date "2021.04.11"]
[Round "1"]
[White "sorrym8"]
[Black "kaps-ak"]
[Result "1-0"]
[ICCResult "Black checkmated"]
[WhiteElo "1543"]
[BlackElo "1230"]
[Opening "QGD: 4.Bg5 Be7"]
[ECO "D53"]
[NIC "QO.13"]
[Time "14:05:04"]
[TimeControl "300+3"]

1. d4 d5 2. c4 Nf6 3. Nc3 e6 4. Bg5 Be7 5. cxd5 Nxd5 6. Bxe7 Nxe7 7. e4 O-O
8. Nf3 Nbc6 9. Be2 f6 10. O-O f5 11. Qd2 e5 12. Rad1 fxe4 13. Nxe4 exd4 14.
Nxd4 Nxd4 15. Qxd4 Qxd4 16. Rxd4 Bf5 17. Nc5 b6 18. Bc4+ Kh8 19. Nd7 Rfd8
20. Rfd1 Nc6 21. R4d2 Bxd7 22. Rxd7 Rxd7 23. Rxd7 Rc8 24. Ba6 Re8 25. Rxc7
Re1+ 26. Bf1 Nd8 27. Rxa7 h6 28. f3 Rb1 29. b3 Rd1 30. Ra8 Kg8 31. Kf2 Kf7
32. Bc4+ Ke7 33. Ra7+ Kf8 34. a4 Rd2+ 35. Kg3 g5 36. Rh7 Rd6 37. Kg4 Rd4+
38. Kh5 Rd2 39. Kxh6 Rxg2 40. Kg6 g4 41. Kf6 Ke8 42. Bb5+ Nc6 43. Bxc6+ Kd8
44. fxg4 Rxg4 45. h4 Rf4+ 46. Ke5 Rb4 47. Bd5 b5 48. Kd6 bxa4 49. Rh8#
{Black checkmated}
1-0

[Event "ICC tourney 2545 (5 3)"]
[Site "Internet Chess Club"]
[Date "2021.04.11"]
[Round "1"]
[White "sakharov"]
[Black "Xuanli28"]
[Result "0-1"]
[ICCResult "White resigns"]
[WhiteElo "1358"]
[BlackElo "1681"]
[Opening "King's Indian: Four pawns attack"]
[ECO "E76"]
[NIC "KI.31"]
[Time "14:06:02"]
[TimeControl "300+3"]

1. c4 Nf6 2. Nc3 g6 3. e4 d6 4. d4 Bg7 5. f4 O-O 6. Nf3 Bg4 7. h3 Bxf3 8.
Qxf3 Nc6 9. Be3 e5 10. dxe5 dxe5 11. f5 Nd4 12. Qf2 Qd6 13. O-O-O Rad8 14.
Kb1 a6 15. Bd3 h6 16. g4 c6 17. g5 hxg5 18. Bxg5 b5 19. Rhg1 Rb8 20. cxb5
axb5 21. Bc1 Nd7 22. h4 Nc5 23. h5 b4 24. Ne2 Nxd3 25. Rxd3 c5 26. Rh3 Qc6
27. h6 Qxe4+ 28. Ka1 Nc2+ 29. Kb1 Na3+ {White resigns} 0-1

[Event "ICC tourney 2545 (5 3)"]
[Site "Internet Chess Club"]
[Date "2021.04.11"]
[Round "1"]
[White "andrewkth"]
[Black "Boruoh"]
[Result "0-1"]
[ICCResult "White checkmated"]
[WhiteElo "1205"]
[BlackElo "1079"]
[Opening "Robatsch (modern) defense"]
[ECO "B06"]
[NIC "KF.06"]
[Time "14:05:41"]
[TimeControl "300+3"]

1. e4 g6 2. Nf3 d6 3. Bc4 Nf6 4. Nc3 Bg7 5. d4 O-O 6. Be3 c6 7. e5 dxe5 8.
dxe5 Qxd1+ 9. Kxd1 Nfd7 10. Ke2 e6 11. Rad1 Nb6 12. Rd2 Nxc4 13. Rd3 Nd7 14.
Rhd1 Ndxe5 15. Rd8 Rxd8 16. Rxd8+ Bf8 17. Nxe5 Nxe5 18. Ne4 f5 19. Nf6+ Kf7
20. Nxh7 Kg7 21. Nxf8 Nf7 22. Nxe6+ Kf6 23. Nc7 Rb8 24. Rf8 Ke7 25. Bc5+ Nd6
26. Bxa7 Kxf8 27. Ne6+ Ke7 28. Bxb8 Kxe6 29. b3 Ne4 30. Kd3 Nxf2+ 31. Kd4
Ng4 32. h3 Nh6 33. c4 Nf7 34. a4 Nd8 35. Kc5 Nf7 36. Bc7 Nh6 37. Kb6 g5 38.
b4 g4 39. h4 Ng8 40. b5 Ne7 41. a5 Ng6 42. a6 bxa6 43. bxa6 Bxa6 44. Kxa6
Nxh4 45. g3 Nf3 46. Kb6 Kd7 47. c5 Nd2 48. Bf4 Nb3 49. Bd2 Nd4 50. Bc3 Ne6
51. Kb7 f4 52. Be1 f3 53. Ka6 Nxc5+ 54. Ka5 Nd3 55. Ka4 Kd6 56. Kb3 Nxe1 57.
Kc3 Kc5 58. Kd2 Ng2 59. Kd3 Kd5 60. Kd2 Kd4 61. Kd1 c5 62. Kc2 Ne3+ 63. Kb3
Kd3 64. Ka4 c4 65. Kb4 c3 66. Kc5 c2 67. Kd6 c1=Q 68. Ke5 Qc5+ 69. Kf4 Qf5#
{White checkmated}
0-1

[Event "ICC tourney 2545 (5 3)"]
[Site "Internet Chess Club"]
[Date "2021.04.11"]
[Round "1"]
[White "Openyagami"]
[Black "chessplanet"]
[Result "1-0"]
[ICCResult "Black resigns"]
[WhiteElo "2549"]
[BlackElo "1651"]
[Opening "QGD: Orthodox defense, 7.Rc1"]
[ECO "D63"]
[NIC "QO.11"]
[Time "14:04:50"]
[TimeControl "300+3"]

1. c4 Nf6 2. Nf3 e6 3. Nc3 d5 4. d4 Be7 5. Bg5 O-O 6. e3 Nbd7 7. Rc1 c5 8.
cxd5 exd5 9. Bd3 h6 10. Bf4 c4 11. Bb1 a6 12. Ne5 Re8 13. O-O Nf8 14. e4
dxe4 15. Nxe4 b5 16. Nc6 Qd7 17. Nxe7+ Qxe7 18. Re1 Be6 19. Nd6 Nd5 20. Nxe8
Nxf4 21. Qf3 Qg5 22. Nc7 Rd8 23. h4 Qxh4 24. Re4 Nh3+ 25. Qxh3 Qg5 26. Qe3
{Black resigns}
1-0

[Event "ICC tourney 2545 (5 3)"]
[Site "Internet Chess Club"]
[Date "2021.04.11"]
[Round "1"]
[White "SantaEzergaile"]
[Black "ChalsparoV"]
[Result "0-1"]
[ICCResult "White forfeits on time"]
[WhiteElo "1406"]
[BlackElo "1815"]
[Opening "Caro-Kann defense"]
[ECO "B10"]
[NIC "CK.01"]
[Time "14:06:02"]
[TimeControl "300+3"]

1. e4 c6 2. c3 d5 3. e5 Bf5 4. d3 e6 5. Nd2 Nd7 6. d4 Ne7 7. h3 c5 8. g4 Bg6
9. b4 cxd4 10. cxd4 Nc6 11. a3 Nxd4 12. Bb2 Nc2+ 13. Ke2 Nxa1 14. Bxa1 h5
15. gxh5 Bxh5+ 16. f3 Qc7 17. Kf2 Be7 18. h4 Rc8 19. Nb3 Qc2+ 20. Qxc2 Rxc2+
21. Ke1 O-O 22. Nd4 Ra2 {White forfeits on time} 0-1

[Event "ICC tourney 2545 (5 3)"]
[Site "Internet Chess Club"]
[Date "2021.04.11"]
[Round "1"]
[White "Izaan-A"]
[Black "victorking67"]
[Result "0-1"]
[ICCResult "White checkmated"]
[WhiteElo "1018"]
[BlackElo "1420"]
[Opening "French defense"]
[ECO "C01"]
[NIC "QO.17"]
[Time "14:04:36"]
[TimeControl "300+3"]

1. d4 e6 2. e4 Qh4 3. Qf3 Nf6 4. g3 Qxe4+ 5. Qxe4 Nxe4 6. Bd3 Nd6 7. Be3 b6
8. Nc3 Bb7 9. f3 Nf5 10. Bxf5 exf5 11. O-O-O Bb4 12. Nge2 h6 13. Rhe1 Bxc3
14. Nxc3 Nc6 15. Bf4+ Kd8 16. a3 Ne7 17. Re3 Nd5 18. Nxd5 Bxd5 19. Rde1 d6
20. c3 g5 21. Be5 dxe5 22. Rxe5 Be6 23. d5 Bd7 24. Re7 Re8 25. Rxe8+ Bxe8
26. c4 Kd7 27. b3 Kd6 28. a4 Bd7 29. h3 Re8 30. Rd1 Re3 31. Kd2 Rxb3 32. f4
Rxg3 33. fxg5 hxg5 34. Rf1 f4 35. Rh1 Bxh3 36. Rd1 f3 37. Re1 f2 38. Re8
f1=Q 39. Rd8+ Ke7 40. d6+ Kf6 41. dxc7 Qf4+ 42. Kc2 Qxc7 43. Rd2 Qxc4+ 44.
Kd1 Bg4+ 45. Ke1 Qc1+ 46. Rd1 Qxd1+ 47. Kf2 Qf3+ 48. Ke1 Qe2# {White
checkmated} 0-1

[Event "ICC tourney 2545 (5 3)"]
[Site "Internet Chess Club"]
[Date "2021.04.11"]
[Round "1"]
[White "alekhsay"]
[Black "architect22"]
[Result "0-1"]
[ICCResult "White checkmated"]
[WhiteElo "822"]
[BlackElo "1342"]
[Opening "Ruy Lopez: Caro variation"]
[ECO "C70"]
[NIC "RL.09"]
[Time "14:06:26"]
[TimeControl "300+3"]

1. e4 e5 2. Nf3 Nc6 3. Bb5 a6 4. Ba4 b5 5. Bb3 h6 6. O-O Nf6 7. Re1 Bc5 8.
d4 exd4 9. e5 Ng4 10. Bxh6 Nxh6 11. c3 Nf5 12. cxd4 Nfxd4 13. Nxd4 Nxd4 14.
Bd5 Qh4 15. h3 Nc6 16. Qc2 Bb6 17. Nd2 Bb7 18. Nf3 Qh7 19. Qb3 O-O-O 20.
Bxf7 Na5 21. Qc3 Rdf8 22. e6 dxe6 23. Bxe6+ Kb8 24. Bd7 Rxf3 25. gxf3 Bc8
26. Be8 Qxh3 27. Rad1 Qh1# {White checkmated} 0-1

[Event "ICC tourney 2545 (5 3)"]
[Site "Internet Chess Club"]
[Date "2021.04.11"]
[Round "1"]
[White "realleosantos"]
[Black "SuperPuzzler"]
[Result "0-1"]
[ICCResult "White resigns"]
[WhiteElo "1416"]
[BlackElo "1844"]
[Opening "Giuoco Pianissimo"]
[ECO "C50"]
[NIC "IG.02"]
[Time "14:04:41"]
[TimeControl "300+3"]

1. e4 e5 2. Bc4 Nc6 3. Nf3 Bc5 4. d3 Nf6 5. Ng5 O-O 6. O-O d6 7. Be3 Bb6 8.
Bxb6 axb6 9. f4 h6 10. fxe5 Nxe5 11. Nh3 Nxc4 12. dxc4 Bxh3 13. gxh3 Nxe4
14. Qg4 Qg5 15. Re1 Qxg4+ 16. hxg4 Ng5 17. Re7 Ne6 18. Nc3 Rfd8 19. Rf1 Rf8
20. Nd5 Rae8 21. Rd7 Rd8 22. Ne7+ Kh7 23. Rxd8 Nxd8 24. Nf5 Ne6 25. Re1 Ra8
26. a3 Kg6 27. Ne7+ Kh7 28. Rf1 f6 29. Re1 Nc5 30. Nf5 h5 31. Re7 hxg4 32.
Rxg7+ Kh8 33. Rxg4 Re8 34. Rh4+ Kg8 35. Rg4+ Kf8 36. Kf2 Ne4+ 37. Kg2 Re5
38. Nh6 Rh5 39. Rg8+ Ke7 40. Rg7+ Ke6 41. Nf7 Ke7 42. Ne5+ Kf8 43. Rf7+ Kg8
44. Rxf6 Nxf6 45. Nf3 Rc5 46. b3 b5 47. Nh4 bxc4 48. Ng6 cxb3 49. cxb3 Rc3
{White resigns}
0-1

[Event "ICC tourney 2545 (5 3)"]
[Site "Internet Chess Club"]
[Date "2021.04.11"]
[Round "1"]
[White "infacant"]
[Black "BK10"]
[Result "1/2-1/2"]
[ICCResult "Game drawn by repetition"]
[WhiteElo "1311"]
[BlackElo "1573"]
[Opening "Sicilian: Najdorf, 6...e6"]
[ECO "B95"]
[NIC "SI.04"]
[Time "14:04:50"]
[TimeControl "300+3"]

1. e4 c5 2. Nf3 d6 3. Nc3 a6 4. d4 cxd4 5. Nxd4 Nf6 6. Bg5 e6 7. Nf3 Qc7 8.
Bxf6 gxf6 9. Bd3 Nc6 10. Qd2 h5 11. Nh4 Bd7 12. O-O-O Bh6 13. f4 d5 14. g3
d4 15. Ne2 e5 16. Kb1 O-O-O 17. Nf3 Kb8 18. Qe1 Rc8 19. c3 dxc3 20. Nxc3 Qa5
21. Nd5 Qxe1 22. Rhxe1 Bg4 23. Be2 Bxf3 24. Bxf3 exf4 25. Nxf4 Ne5 26. Bxh5
Bxf4 27. gxf4 Rxh5 28. fxe5 Rxh2 29. Rc1 Rxc1+ 30. Rxc1 fxe5 31. Rf1 Re2 32.
Rxf7 Rxe4 33. Kc2 Ka7 34. Kd3 Re1 35. Rf6 a5 36. a4 b6 37. b3 Ka6 38. Re6
Kb7 39. Kc4 Re3 40. Re7+ Kc6 41. Re6+ Kc7 42. Re8 Re4+ 43. Kd3 Rb4 44. Kc3
e4 45. Kc2 Kd6 46. Rd8+ Kc5 47. Rc8+ Kd4 48. Rd8+ Ke3 49. Re8 Kf3 50. Rf8+
Ke2 51. Re8 e3 52. Rf8 Ke1 53. Rf7 Rd4 54. Rf6 Rd2+ 55. Kc1 Rd1+ 56. Kc2
Rd2+ 57. Kc1 Rd3 58. Kc2 Rd2+ 59. Kc1 {Game drawn by repetition} 1/2-1/2

[Event "ICC tourney 2545 (5 3)"]
[Site "Internet Chess Club"]
[Date "2021.04.11"]
[Round "1"]
[White "fearlessone"]
[Black "IsaiahS"]
[Result "1/2-1/2"]
[ICCResult "White stalemated"]
[WhiteElo "1663"]
[BlackElo "1448"]
[Opening "English: Carls' Bremen system"]
[ECO "A22"]
[NIC "EO.10"]
[Time "14:04:49"]
[TimeControl "300+3"]

1. c4 e5 2. Nc3 Nf6 3. g3 Nc6 4. Bg2 Bc5 5. e3 d6 6. a3 a5 7. Nge2 O-O 8.
O-O Be6 9. d4 exd4 10. exd4 Bxc4 11. dxc5 dxc5 12. Qxd8 Raxd8 13. Re1 Rfe8
14. Be3 Ne5 15. Bxb7 c6 16. f4 Nf3+ 17. Kf2 Nxe1 18. Rxe1 Ng4+ 19. Kf3 Nxe3
20. Bxc6 Re7 21. Be4 Nd5 22. Na4 Bxe2+ 23. Rxe2 Nf6 24. Bxh7+ Nxh7 25. Rxe7
Rd3+ 26. Re3 Rd5 27. Rc3 Nf6 28. Nxc5 Rd8 29. b4 axb4 30. axb4 Rb8 31. Rb3
Rb5 32. Nd3 Kf8 33. h3 Ne8 34. g4 Nc7 35. Ke4 Ke7 36. Rc3 Kd6 37. Rc5 Rb6
38. Rc4 f6 39. f5 Nb5 40. Rc8 Ke7 41. Nf4 Nd6+ 42. Kd3 Nxc8 43. Nd5+ Kd6 44.
Nxb6 Nxb6 45. Kc3 Ke5 46. b5 Kd5 47. Kb4 Kd4 48. Ka5 Kc5 49. h4 Nc4+ 50. Ka6
Nd6 51. b6 Kd5 52. g5 Ke5 53. gxf6 gxf6 54. h5 Kxf5 55. b7 Nxb7 56. Kxb7 Kg5
57. Kc6 Kxh5 58. Kd5 Kg4 59. Ke4 f5+ 60. Ke3 Kg3 61. Ke2 Kf4 62. Kf2 Ke4 63.
Ke2 Kf4 64. Kf2 Kg4 65. Kg2 f4 66. Kf2 f3 67. Kf1 Kf4 68. Kf2 Ke4 69. Kf1
Ke3 70. Ke1 f2+ 71. Kf1 Kf3 {White stalemated} 1/2-1/2

[Event "ICC tourney 2545 (5 3)"]
[Site "Internet Chess Club"]
[Date "2021.04.11"]
[Round "1"]
[White "CCAadminDave"]
[Black "justlucky"]
[Result "1-0"]
[ICCResult "Black resigns"]
[WhiteElo "1560"]
[BlackElo "1277"]
[Opening "Caro-Kann: closed (Breyer) variation"]
[ECO "B10"]
[NIC "CK.01"]
[Time "14:04:45"]
[TimeControl "300+3"]

1. e4 c6 2. d3 d5 3. Nd2 e5 4. Ngf3 Bd6 5. d4 exd4 6. exd5 c5 7. Bb5+ Bd7 8.
Qe2+ Ne7 9. Nc4 Qc7 10. Bg5 Bxb5 11. Nxd6+ Qxd6 12. Qxb5+ Nd7 13. Qxb7 O-O
14. O-O Nxd5 15. Qb3 Rab8 16. Qa3 Nb4 17. Rac1 a6 18. Bh4 Qg6 19. c3 Nd3 20.
Rc2 N7e5 21. Nxe5 Nxe5 22. Bg3 Qxc2 23. Bxe5 Rbe8 24. cxd4 cxd4 25. Bd6 Re2
26. Bxf8 Rxf2 27. Rxf2 Qd1+ 28. Rf1 Qg4 29. Bb4 {Black resigns} 1-0

[Event "ICC tourney 2545 (5 3)"]
[Site "Internet Chess Club"]
[Date "2021.04.11"]
[Round "1"]
[White "jfk2014"]
[Black "Littleman7572"]
[Result "1-0"]
[ICCResult "Black checkmated"]
[WhiteElo "1971"]
[BlackElo "1453"]
[Opening "Queen's pawn game"]
[ECO "A45"]
[NIC "QP.07"]
[Time "14:04:43"]
[TimeControl "300+3"]

1. d4 Nf6 2. Nc3 e6 3. Bf4 d5 4. e3 b6 5. g4 Be7 6. g5 Ne4 7. Nxe4 dxe4 8.
h4 Bb7 9. Bg2 Qd7 10. Ne2 Nc6 11. Bxe4 O-O-O 12. c3 g6 13. Qc2 Bd6 14. O-O-O
Bxf4 15. Nxf4 f5 16. gxf6 Rhf8 17. h5 g5 18. Nxe6 Qf7 19. Nxf8 Rxf8 20. Qa4
Qxf6 21. f4 gxf4 22. Rdf1 Qe6 23. d5 b5 24. Qc2 fxe3 25. dxe6 Rxf1+ 26. Rxf1
e2 27. Rf8+ Nd8 28. Qxe2 Bxe4 29. Qxe4 c5 30. Qc6+ Kb8 31. Rxd8#
{Black checkmated}
1-0

[Event "ICC tourney 2545 (5 3)"]
[Site "Internet Chess Club"]
[Date "2021.04.11"]
[Round "1"]
[White "clydedrexler22"]
[Black "marinaxiao"]
[Result "0-1"]
[ICCResult "White resigns"]
[WhiteElo "1588"]
[BlackElo "1354"]
[Opening "Queen's pawn: London system"]
[ECO "A45"]
[NIC "QP.07"]
[Time "14:05:04"]
[TimeControl "300+3"]

1. d4 Nf6 2. Bf4 g6 3. Nc3 Bg7 4. e4 d6 5. Qd2 O-O 6. O-O-O Nc6 7. Bh6 Ng4
8. Bxg7 Kxg7 9. f3 Nf6 10. h4 e5 11. d5 Nd4 12. Nge2 Nxe2+ 13. Bxe2 Bd7 14.
g4 a6 15. h5 gxh5 16. g5 Ne8 17. Rxh5 Rh8 18. Rdh1 c6 19. Bc4 b5 20. Bb3 c5
21. Qh2 c4 22. Rxh7+ Rxh7 23. Qxh7+ Kf8 24. Qh6+ Ke7 25. f4 exf4 26. Rf1 Qb6
27. g6 Qe3+ 28. Kb1 fxg6 29. Qxg6 Kd8 30. a3 cxb3 31. cxb3 Qd3+ 32. Ka2 Qxf1
33. Qg5+ Kc7 34. e5 dxe5 35. Qxe5+ Kc8 36. d6 Qf3 37. Nd5 Rb8 38. Nxf4 Qc6
39. Nd5 Qxd6 40. Ne7+ Kd8 41. Qg3 Qxg3 {White resigns} 0-1

[Event "ICC tourney 2545 (5 3)"]
[Site "Internet Chess Club"]
[Date "2021.04.11"]
[Round "1"]
[White "Casopis"]
[Black "JustInIt"]
[Result "0-1"]
[ICCResult "White checkmated"]
[WhiteElo "1648"]
[BlackElo "1398"]
[Opening "QGD: Marshall defense"]
[ECO "D06"]
[NIC "QP.08"]
[Time "14:05:49"]
[TimeControl "300+3"]

1. d4 d5 2. c4 Nf6 3. Nc3 c5 4. e3 Bf5 5. Qf3 Be4 6. Nxe4 dxe4 7. Qd1 cxd4
8. exd4 e6 9. a3 Be7 10. Be3 O-O 11. h3 Nc6 12. Ne2 Rc8 13. Rc1 Qd7 14. Nc3
Rfd8 15. Ne2 Qc7 16. b4 Bf8 17. Qc2 Ne7 18. Ng3 Nf5 19. Nxf5 exf5 20. g3 g6
21. d5 Bg7 22. Be2 b5 23. Bf4 Qd7 24. c5 Nxd5 25. Bd6 a6 26. Qb3 Qe6 27. O-O
h5 28. h4 Bh6 29. Rc2 e3 30. f4 Nxf4 31. gxf4 Qxb3 32. Rfc1 Rxd6 33. Rc3 Qb2
34. R3c2 Rd2 35. Rxb2 Rxb2 36. Bf3 Bxf4 37. c6 Rd8 38. c7 Rc8 39. Bb7 Rxc7
40. Rxc7 Bxc7 41. Bxa6 e2 42. Kf2 Bg3+ 43. Kxg3 e1=Q+ 44. Kf4 Kg7 45. Bxb5
Rf2+ 46. Kg3 Qe3# {White checkmated} 0-1

[Event "ICC tourney 2545 (5 3)"]
[Site "Internet Chess Club"]
[Date "2021.04.11"]
[Round "1"]
[White "Jude"]
[Black "oliverc"]
[Result "1-0"]
[ICCResult "Black resigns"]
[WhiteElo "1648"]
[BlackElo "1335"]
[Opening "Sicilian: dragon, Yugoslav attack, Rauser variation"]
[ECO "B76"]
[NIC "SI.17"]
[Time "14:05:19"]
[TimeControl "300+3"]

1. e4 c5 2. Nf3 d6 3. d4 cxd4 4. Nxd4 Nf6 5. Nc3 g6 6. Be3 Bg7 7. f3 Nc6 8.
Qd2 O-O 9. O-O-O Bd7 10. Kb1 Rc8 11. g4 Ne5 12. h4 h5 13. g5 Ne8 14. f4 Ng4
15. Bg1 Nc7 16. Bc4 b5 17. Ncxb5 Nxb5 18. Bxb5 Bxb5 19. Nxb5 a6 20. Nd4 Qb6
21. Rh3 a5 22. Rb3 Qa6 23. Qd3 Qa8 24. a4 Rb8 25. Rb5 Rxb5 26. Nxb5 Rc8 27.
Bd4 Bxd4 28. Qxd4 Qc6 29. c3 Nh2 30. Na7 Qxa4 31. Qxa4 {Black resigns} 1-0

[Event "ICC tourney 2545 (5 3)"]
[Site "Internet Chess Club"]
[Date "2021.04.11"]
[Round "1"]
[White "jbowman3"]
[Black "fishmaster"]
[Result "0-1"]
[ICCResult "White resigns"]
[WhiteElo "1488"]
[BlackElo "2061"]
[Opening "Dunst (Sleipner, Heinrichsen) opening"]
[ECO "A00"]
[NIC "VO.15"]
[Time "14:04:57"]
[TimeControl "300+3"]

1. Nc3 d5 2. e4 d4 3. Nce2 e5 4. Ng3 Nf6 5. Nf3 Nc6 6. Bc4 Be7 7. d3 O-O 8.
O-O h6 9. Nh4 Nxe4 10. Nxe4 Bxh4 11. f4 exf4 12. Rxf4 Be6 13. Bxe6 fxe6 14.
Rxf8+ Qxf8 15. Qg4 Qe7 16. Bd2 Rf8 17. Bxh6 Ne5 18. Bg5 Nxg4 19. Bxe7 Bxe7
20. c3 dxc3 21. bxc3 b6 22. Nd2 e5 23. a4 Bc5+ 24. Kh1 Nf2+ 25. Kg1 Nxd3+
{White resigns}
0-1

[Event "ICC tourney 2545 (5 3)"]
[Site "Internet Chess Club"]
[Date "2021.04.11"]
[Round "1"]
[White "sri2014"]
[Black "Jabarkaw"]
[Result "0-1"]
[ICCResult "White resigns"]
[WhiteElo "1229"]
[BlackElo "1539"]
[Opening "Evans gambit"]
[ECO "C52"]
[NIC "IG.05"]
[Time "14:07:02"]
[TimeControl "300+3"]

1. e4 e5 2. Nf3 Nc6 3. Bc4 Bc5 4. b4 Bxb4 5. c3 Ba5 6. d4 exd4 7. O-O Nge7
8. cxd4 d6 9. Qb3 O-O 10. Ng5 Qe8 11. e5 dxe5 12. Qd3 Ng6 13. f4 e4 14. Qg3
Bf5 15. Ba3 Bb4 16. Bxb4 Nxb4 17. Re1 c6 18. a3 Nd5 19. Nd2 h6 20. Ngxe4 Qd7
21. Nf3 Kh7 22. Nc5 Qc7 23. Ne5 b6 24. Ncd3 f6 25. Nxg6 Bxg6 26. Qf3 Rad8
27. f5 Bf7 28. Re2 b5 29. Bxd5 Rxd5 30. Rae1 Rxd4 31. Nc5 Qb6 32. Rc1 Rc4
33. Rxc4 bxc4 34. Qf2 Rd8 35. h4 Rd5 36. Ne6 Qxf2+ 37. Kxf2 Rxf5+ 38. Kg3
Bxe6 39. Rxe6 Ra5 40. Rxc6 Rxa3+ 41. Kf4 c3 42. Ke3 a5 43. Rc5 c2+
{White resigns}
0-1

[Event "ICC tourney 2545 (5 3)"]
[Site "Internet Chess Club"]
[Date "2021.04.11"]
[Round "1"]
[White "Steepblue"]
[Black "Comeback2016"]
[Result "0-1"]
[ICCResult "White resigns"]
[WhiteElo "1394"]
[BlackElo "1719"]
[Opening "Queen's pawn game"]
[ECO "A45"]
[NIC "QP.07"]
[Time "14:05:41"]
[TimeControl "300+3"]

1. d4 Nf6 2. e3 g6 3. Bd3 Bg7 4. Nd2 O-O 5. c3 b6 6. e4 d6 7. f3 c5 8. Ne2
e5 9. dxe5 dxe5 10. Bc4 Bb7 11. O-O Nbd7 12. a4 a6 13. Bb3 Nh5 14. c4 f5 15.
Bc2 Qh4 16. Qe1 Qe7 17. b3 Rad8 18. Bb2 f4 19. Nc3 Ndf6 20. Nd5 Bxd5 21.
cxd5 Ne8 22. Bd3 Ra8 23. Nc4 Rb8 24. Rd1 b5 25. Na5 Qg5 26. Nc6 Rb6 27. h4
Qh6 28. Bxe5 Ng3 29. Bxf4 Qxf4 30. Ne7+ Kh8 31. Qd2 Bd4+ {White resigns} 0-1

[Event "ICC tourney 2545 (5 3)"]
[Site "Internet Chess Club"]
[Date "2021.04.11"]
[Round "1"]
[White "vzavvos"]
[Black "Astigmatist"]
[Result "0-1"]
[ICCResult "White resigns"]
[WhiteElo "1397"]
[BlackElo "1787"]
[Opening "Scandinavian defense"]
[ECO "B01"]
[NIC "SD.03"]
[Time "14:05:22"]
[TimeControl "300+3"]

1. e4 d5 2. exd5 Nf6 3. Nf3 Nxd5 4. d4 g6 5. c3 Bg7 6. Bc4 O-O 7. O-O Nc6 8.
Re1 Bg4 9. Be3 Nb6 10. Bb3 e5 11. d5 Ne7 12. h3 Bxf3 13. Qxf3 Nexd5 14. Bxb6
Nxb6 15. Na3 c6 16. Nc2 Qg5 17. Rad1 Rad8 18. Ne3 Nd7 19. Ng4 Nc5 20. Rxd8
Qxd8 21. Bc2 Re8 22. a3 Qd2 23. Qd1 Qxd1 24. Rxd1 f5 25. Ne3 e4 26. g3 Bh6
27. Nc4 Re7 28. Kg2 b5 29. Na5 Rc7 30. c4 Kf8 31. b4 Ne6 32. c5 Bg7 33. h4
Bb2 34. a4 bxa4 35. Bxa4 Nd4 36. Rd2 Bc3 37. Rd1 Bxb4 38. Rxd4 Bxa5 39. Rd6
Bb4 40. Rd8+ Ke7 41. Rh8 Kf6 42. Rf8+ Ke5 43. Re8+ Kd4 44. Rd8+ Kxc5 45. Kf1
Bc3 46. Ke2 a5 47. Ra8 Kb4 48. Bc2 Rb7 49. Ke3 Be5 50. Kd2 Rd7+ 51. Ke3 Kc3
52. Bb1 Rd1 53. Bxe4 fxe4 54. Kxe4 Bd4 55. Rxa5 Re1+ 56. Kf3 c5 57. Ra3+ Kc4
58. Ra4+ Kd5 59. Ra7 c4 60. Rxh7 c3 61. Rd7+ Kc4 62. Rc7+ Kd3 63. Kg2 c2 64.
f4 {White resigns} 0-1

[Event "ICC tourney 2545 (5 3)"]
[Site "Internet Chess Club"]
[Date "2021.04.11"]
[Round "1"]
[White "triestino14"]
[Black "Vodkachaiii"]
[Result "0-1"]
[ICCResult "White checkmated"]
[WhiteElo "1689"]
[BlackElo "1506"]
[Opening "QGD Slav: 4.e3 Bf5"]
[ECO "D12"]
[NIC "SL.01"]
[Time "14:04:34"]
[TimeControl "300+3"]

1. d4 d5 2. c4 c6 3. Nf3 Nf6 4. e3 Bf5 5. Nc3 e6 6. Nh4 Bg6 7. Be2 Bd6 8.
O-O Qc7 9. g3 Nbd7 10. Qb3 dxc4 11. Bxc4 Nb6 12. Be2 Be4 13. Nxe4 Nxe4 14.
Bf3 g5 15. Ng2 Nf6 16. Bd2 h5 17. e4 e5 18. Bxg5 Ng4 19. dxe5 Nxe5 20. Bf4
O-O-O 21. Rfd1 f6 22. Rac1 Kb8 23. Be2 Qg7 24. Nh4 Bc7 25. Nf5 Qh7 26. h4
Nd5 27. Rxd5 cxd5 28. Nd4 Bb6 29. Nc6+ bxc6 30. Rxc6 Qb7 31. Rxf6 Rhe8 32.
Bxh5 Re7 33. exd5 Qxd5 34. Bf3 Qxb3 35. axb3 Bc7 36. Bg2 Ng4 37. Bxc7+ Rxc7
38. Rf4 Rc1+ 39. Bf1 Ne5 40. Kg2 Rdd1 41. Bb5 Rg1+ 42. Kh3 Rh1+ 43. Kg2
Rcg1# {White checkmated} 0-1

[Event "ICC tourney 2545 (5 3)"]
[Site "Internet Chess Club"]
[Date "2021.04.11"]
[Round "1"]
[White "TYH"]
[Black "Irrgarten"]
[Result "0-1"]
[ICCResult "White forfeits on time"]
[WhiteElo "1680"]
[BlackElo "1524"]
[Opening "English: Neo-Catalan declined"]
[ECO "A14"]
[NIC "RE.11"]
[Time "14:05:42"]
[TimeControl "300+3"]

1. c4 e6 2. g3 d5 3. Bg2 Nf6 4. Nf3 Be7 5. O-O c6 6. Qc2 O-O 7. d3 b6 8. Rd1
Bb7 9. e4 Nbd7 10. e5 Ne8 11. h4 Rc8 12. Nbd2 Qc7 13. Re1 c5 14. cxd5 Bxd5
15. b3 b5 16. Bb2 Qb6 17. Rac1 g6 18. Ne4 Ng7 19. Nf6+ Bxf6 20. exf6 Nh5 21.
Qd2 Qb7 22. g4 Bxf3 23. gxh5 e5 {White forfeits on time} 0-1

[Event "ICC tourney 2545 (5 3)"]
[Site "Internet Chess Club"]
[Date "2021.04.11"]
[Round "1"]
[White "Skydancer52"]
[Black "saisiva765"]
[Result "0-1"]
[ICCResult "White resigns"]
[WhiteElo "1405"]
[BlackElo "1811"]
[Opening "French defense"]
[ECO "C00"]
[NIC "FR.01"]
[Time "14:06:02"]
[TimeControl "300+3"]

1. e4 e6 2. Nf3 d5 3. exd5 exd5 4. d4 Bg4 5. Be2 Bd6 6. h3 Bh5 7. Nc3 Ne7 8.
Bg5 f6 9. Bh4 Nbc6 10. a3 a6 11. Qd2 Ng6 12. Bg3 Bxg3 13. fxg3 Bxf3 14. Bxf3
Nge7 15. O-O-O Qd6 16. Qf2 O-O-O 17. Rde1 Kb8 18. Bg4 f5 19. Bf3 Na5 20. Be2
g6 21. Na4 Rhe8 22. Nc5 Nec6 23. Rd1 Nc4 24. Bxc4 dxc4 25. c3 Na5 26. Rhe1
Nb3+ 27. Nxb3 cxb3 28. Rxe8 Rxe8 29. Re1 Rxe1+ 30. Qxe1 Ka7 31. Qe5 Qxe5 32.
dxe5 Kb6 33. Kd2 Kc5 34. Ke3 Kd5 35. c4+ Kxe5 36. Kd3 f4 37. g4 a5 38. a4 c5
39. h4 h5 40. gxh5 gxh5 41. Kc3 Ke4 42. Kxb3 Ke3 43. Kc3 Kf2 44. Kd3 Kxg2
{White resigns}
0-1

[Event "ICC tourney 2545 (5 3)"]
[Site "Internet Chess Club"]
[Date "2021.04.11"]
[Round "1"]
[White "michaelxiao"]
[Black "GunSlinger"]
[Result "0-1"]
[ICCResult "White resigns"]
[WhiteElo "1332"]
[BlackElo "1640"]
[Opening "Four knights: Italian variation"]
[ECO "C55"]
[NIC "IG.01"]
[Time "14:05:25"]
[TimeControl "300+3"]

1. e4 e5 2. Nf3 Nc6 3. Bc4 Nf6 4. Nc3 Be7 5. d4 d6 6. dxe5 dxe5 7. Qxd8+
Bxd8 8. Be3 O-O 9. O-O Bg4 10. Bg5 Bxf3 11. gxf3 Nb4 12. Rac1 c6 13. a3 Na6
14. Rb1 Nc5 15. b4 Ne6 16. b5 Nxg5 17. bxc6 bxc6 18. Kg2 Nh5 19. Ne2 Bb6 20.
Rfd1 Kh8 21. Rd7 f5 22. exf5 Rxf5 23. Rd3 Raf8 24. Rbb3 e4 25. f4 Nxf4+ 26.
Nxf4 exd3 27. Nxd3 Bxf2 28. Nxf2 Rxf2+ 29. Kg3 Rxc2 30. Bf1 Ne4+ 31. Kg4
Rcf2 32. Bd3 R2f4+ 33. Kh3 Rf3+ 34. Kg2 Nf2 35. Be2 Rxb3 {White resigns} 0-1